Diablos vs Influenza
(R3)
Created - March 16, 2021 at 19:59
Goals
|
| Diablos |
4 |
1 |
1 |
6 |
| Influenza |
1 |
5 |
1 |
7 |
|
Shots
|
| Diablos |
20 |
4 |
6 |
30 |
| Influenza |
7 |
21 |
7 |
35 |
|
1st period
1. Diablos , Mattias Tedenby 20 (Corey Trivino 25, Viktor Loov 25) at 8:02
2. Diablos , Jonathan Matsumoto 2 (Adrian Kempe 58, Tyler Pitlick 29) at 9:56
3. Diablos , Danton Heinen 33 (Corey Trivino 26) at 10:06 (PP)
4. Diablos , Corey Trivino 13 (Danton Heinen 26, Adrian Kempe 59) at 14:33 (PP)
5. Influenza , Lucas Lessio 20 (JT Compher 26) at 17:20
Penalties :
Dennis Gilbert (VJB) for Interference (Minor) at 4:05, Shane Sims (VJB) for Interference (Minor) at 10:01, Brett Pesce (VJB) for Hooking (Minor) at 14:23
2nd period
6. Influenza , Colton Sissons 19 (JT Compher 27, Linden Vey 24) at 4:00
7. Influenza , Tim Erixon 7 (Ryan Dzingel 14, Dennis Gilbert 1) at 10:16
8. Influenza , Ryan Dzingel 9 (Neal Pionk 32, Haydn Fleury 12) at 13:30
9. Influenza , Tim Schaller 29 (Brett Pesce 15, Bo Horvat 46) at 13:40
10. Influenza , Shane Prince 3 (Ryan Dzingel 15, Tom Kuhnhackl 13) at 17:09
11. Diablos , Adrian Kempe 37 (Danton Heinen 27, Corey Trivino 27) at 17:27 (PP)
Penalties :
Colton Sissons (VJB) for Kneeing (Minor) at 0:50, Tim Erixon (VJB) for Goalie Interference (Minor) at 7:31, Tim Schaller (VJB) for High sticking (Minor) at 17:21
3rd period
12. Diablos , Jiri Sekac 13 (Anthony Nigro 2) at 9:00
13. Influenza , Bo Horvat 28 (Lucas Lessio 13, Brett Pesce 16) at 17:21
Penalties :
Pavel Zacha (VJB) for Holding (Minor) at 1:40, Jiri Sekac (Don) for Interference (Minor) at 17:51
Goalie Stats
Jean-Francois Berube (Don), 20 saves from 26 shots - (0.769), 37:09 minutes
Joni Ortio (Don), 8 saves from 9 shots - (0.889), L, 18-10-4, 22:51 minutes
Al Montoya (VJB), 15 saves from 17 shots - (0.882), W, 16-6-1, 45:27 minutes
Malcolm Subban (VJB), 9 saves from 13 shots - (0.692), 14:33 minutes
Players Stats for Diablos
Player Name G A P +/- PIM S H SB GA TA FO MP PP MP PK MP
------------------------------------------------------------------------------------
Adrian Kempe 1 2 3 -1 0 1 1 0 0 1 1/1 20:27 4:46 0:11
Alex Petrovic 0 0 0 -3 0 0 1 2 1 0 0/0 28:47 5:08 0:53
Andrei Mironov 0 0 0 2 0 0 0 1 0 2 0/0 18:29 3:09 0:00
Andrey Pedan 0 0 0 -3 0 0 0 1 0 1 0/0 12:44 0:00 1:06
Anthony Nigro 0 1 1 -1 0 1 0 0 0 0 9/10 12:48 0:04 1:33
Brian Dumoulin 0 0 0 -3 0 2 1 1 2 0 0/0 28:47 5:08 0:53
Corey Trivino 1 3 4 1 0 6 1 0 1 1 11/23 19:14 4:47 0:00
Daniel Sprong 0 0 0 -2 0 0 1 0 0 0 0/1 7:58 0:05 0:00
Danton Heinen 1 2 3 -1 0 4 4 2 0 0 2/2 20:16 4:46 0:00
Dean Kukan 0 0 0 -3 0 0 0 0 0 1 0/0 12:44 0:00 1:06
Dominic Turgeon 0 0 0 -2 0 1 0 0 0 0 2/5 8:11 0:00 0:15
Jakub Vrana 0 0 0 -2 0 1 0 0 1 0 0/0 8:11 0:00 0:15
Jiri Sekac 1 0 1 -1 2 2 0 1 1 0 1/1 11:22 0:05 0:00
Jonathan Matsumoto 1 0 1 -2 0 3 2 2 0 0 13/23 19:18 3:26 0:00
Mattias Tedenby 1 0 1 1 0 3 3 0 0 0 0/0 14:48 0:00 0:11
Sam Reinhart 0 0 0 -2 0 4 2 1 0 0 0/0 15:23 3:26 0:00
Tyler Pitlick 0 1 1 0 0 2 6 1 0 0 0/0 20:04 3:26 1:33
Viktor Loov 0 1 1 2 0 0 2 1 0 0 0/0 18:29 3:09 0:00
Players Stats for Influenza
Player Name G A P +/- PIM S H SB GA TA FO MP PP MP PK MP
------------------------------------------------------------------------------------
Aleksi Saarela 0 0 0 1 0 1 0 0 0 0 0/0 2:39 0:00 1:25
Bo Horvat 1 1 2 2 0 2 1 0 0 1 16/38 22:03 1:21 4:35
Brett Pesce 0 2 2 3 2 1 0 0 0 0 0/0 10:20 0:00 0:00
Brycen Martin 0 0 0 1 0 0 1 1 0 0 0/0 3:58 0:00 0:00
Christian Fischer 0 0 0 0 0 0 0 0 0 0 0/0 6:08 0:00 0:00
Colton Sissons 1 0 1 -1 2 5 1 1 0 0 4/8 15:43 0:38 0:00
Dennis Gilbert 0 1 1 2 2 0 0 1 0 0 0/0 5:28 0:00 0:41
Haydn Fleury 0 1 1 1 0 1 1 0 0 1 0/0 18:40 0:58 2:59
Henri Ikonen 0 0 0 0 0 0 0 0 0 0 0/0 0:00 0:00 0:00
Jakob Forsbacka-Karlsson 0 0 0 0 0 0 0 0 0 0 0/0 0:00 0:00 0:00
Jeff Corbett 0 0 0 4 0 0 0 1 0 0 0/0 12:50 0:00 1:15
Johan Larsson 0 0 0 0 0 0 0 0 0 0 0/0 0:00 0:00 0:00
JT Compher 0 2 2 -1 0 4 1 4 0 0 0/1 17:39 0:38 2:23
Justin Bailey 0 0 0 -1 0 1 1 0 0 1 1/1 15:16 0:38 0:00
Linden Vey 0 1 1 2 0 0 1 1 1 0 3/4 19:20 1:21 2:23
Lucas Lessio 1 1 2 0 0 3 0 1 0 0 0/0 6:08 0:00 0:00
Mitchell Moroz 0 0 0 0 0 0 0 0 0 0 0/0 0:00 0:00 0:00
Neal Pionk 0 1 1 1 0 2 1 3 0 0 0/0 18:40 0:58 2:59
Pavel Zacha 0 0 0 0 2 0 0 0 0 1 0/2 6:34 0:00 0:00
Ryan Dzingel 1 2 3 3 0 6 1 0 1 1 0/0 14:10 0:00 1:19
Shane Prince 1 0 1 2 0 2 0 0 0 0 3/11 11:37 0:00 0:00
Shane Sims 0 0 0 -2 2 1 2 2 1 0 0/0 25:17 1:01 4:49
Tim Erixon 1 0 1 -1 2 3 2 1 2 0 0/0 25:33 1:01 3:51
Tim Schaller 1 0 1 2 2 3 2 1 0 0 0/0 21:56 1:21 4:29
Tom Kuhnhackl 0 1 1 2 0 0 0 0 1 1 0/1 11:37 0:00 0:00
3 Stars
1 - Ryan Dzingel (VJB)
2 - Corey Trivino (Don)
3 - Danton Heinen (Don)
Power Play
Diablos - 3 on 7 Attempt(s) - 42.86%
Influenza - 0 on 1 Attempt(s) - 0.00%
Penalty Kill
Diablos - 1 on 1 Attempt(s) - 100.00%
- Score 0 goal in Penalty Kill
Influenza - 4 on 7 Attempt(s) - 57.14%
- Score 0 goal in Penalty Kill
Team Stat
Diablos - Hits : 24 - Faceoff Wins : 39 - Blocked Shots : 13 - Penalty Minutes : 2
Influenza - Hits : 15 - Faceoff Wins : 27 - Blocked Shots : 17 - Penalty Minutes : 14
Official
Referees : Unknown
Linesman : Unknown
Game Notes
Al Montoya enters game at 14:33 of 1st period
Joni Ortio enters game at 17:09 of 2nd period
Finance
Level 1 -- Attendance: 1327 (66.35%) -- Ticket Income $53,080
Level 2 -- Attendance: 669 (66.90%) -- Ticket Income $13,380
Total Attendance: 1996 (66.53%)
Total Ticket Income: $66,460
Other Income: $3,323
Total Income: $69,783
Diablos
5 vs 5 Forward
Center Left Wing Right Wing Time % Phy DF OF
1 Jonathan Matsumoto Adrian Kempe Danton Heinen 35 0 0 5
2 Corey Trivino Tyler Pitlick Mattias Tedenby 35 0 0 5
3 Anthony Nigro Jiri Sekac Sam Reinhart 25 0 1 4
4 Dominic Turgeon Jakub Vrana Daniel Sprong 5 0 3 2
5 vs 5 Defense
Defense Defense Time % Phy DF OF
1 Alex Petrovic Brian Dumoulin 40 1 2 2
2 Andrei Mironov Viktor Loov 30 1 2 2
3 Dean Kukan Andrey Pedan 20 1 2 2
4 Alex Petrovic Brian Dumoulin 10 1 2 2
PowerPlay Forward
Center Left Wing Right Wing Time % Phy DF OF
1 Corey Trivino Adrian Kempe Danton Heinen 60 0 0 5
2 Jonathan Matsumoto Tyler Pitlick Sam Reinhart 40 0 0 5
PowerPlay Defense
Defense Defense Time % Phy DF OF
1 Brian Dumoulin Alex Petrovic 60 0 1 4
2 Andrei Mironov Viktor Loov 40 0 1 4
Penalty Kill 4 Players Forward
Center Wing Time % Phy DF OF
1 Anthony Nigro Tyler Pitlick 60 1 4 0
2 Dominic Turgeon Jakub Vrana 40 1 4 0
Penalty Kill 4 Players Defense
Defense Defense Time % Phy DF OF
1 Dean Kukan Andrey Pedan 60 1 4 0
2 Brian Dumoulin Alex Petrovic 40 1 4 0
Penalty Kill - 3 Players Forward
Forward Time % Phy DF OF
1 Corey Trivino 60 0 5 0
2 Dominic Turgeon 40 0 5 0
Penalty Kill - 3 Players Defense
Defense Defense Time % Phy DF OF
1 Dean Kukan Alex Petrovic 60 0 5 0
2 Andrei Mironov Andrey Pedan 40 0 5 0
4 vs 4 Forward
Center Wing Time % Phy DF OF
1 Anthony Nigro Adrian Kempe 60 0 2 3
2 Dominic Turgeon Mattias Tedenby 40 0 2 3
4 vs 4 Defense
Defense Defense Time % Phy DF OF
1 Viktor Loov Brian Dumoulin 60 0 2 3
2 Andrey Pedan Dean Kukan 40 0 2 3
Last Minutes Offensive
Center Left Wing Right Wing Defense Defense
Corey Trivino Adrian Kempe Danton Heinen Brian Dumoulin Alex Petrovic
Last Minutes Defensive
Center Left Wing Right Wing Defense Defense
Dominic Turgeon Tyler Pitlick Mattias Tedenby Alex Petrovic Dean Kukan
Goaltenders
Starting : Jean-Francois Berube
Backup : Joni Ortio
Extra Forwards
Normal : Adrian Kempe, Danton Heinen, Mattias Tedenby - PP : Danton Heinen, Adrian Kempe - PK : Mattias Tedenby
Extra Defensemen
Normal : Brian Dumoulin, Alex Petrovic, Andrei Mironov - PP : Brian Dumoulin - PK : Dean Kukan, Alex Petrovic
Penalty Shots
Mattias Tedenby, Adrian Kempe, Danton Heinen, Corey Trivino, Sam Reinhart
Scratches
Peter Holland (Bruised Left Arm Injury), Mason Appleton (Healthy), Guillaume Brisebois (Healthy), Tyler Lewington (Healthy), Tobias Lindberg (Healthy)
Scott Glennie (Healthy), Ty Rattie (Healthy), Charles Hudon (Healthy), Sergey Tolchinsky (Healthy), Jack Glover (Healthy)
Ryan MacInnis (Healthy)
Influenza
5 vs 5 Forward
Center Left Wing Right Wing Time % Phy DF OF
1 Bo Horvat Tim Schaller Linden Vey 40 1 2 2
2 Colton Sissons JT Compher Justin Bailey 30 1 2 2
3 Shane Prince Ryan Dzingel Tom Kuhnhackl 20 1 2 2
4 Pavel Zacha Lucas Lessio Christian Fischer 10 1 2 2
5 vs 5 Defense
Defense Defense Time % Phy DF OF
1 Shane Sims Tim Erixon 40 1 2 2
2 Haydn Fleury Neal Pionk 30 1 2 2
3 Brett Pesce Jeff Corbett 20 1 2 2
4 Dennis Gilbert Brycen Martin 10 1 2 2
PowerPlay Forward
Center Left Wing Right Wing Time % Phy DF OF
1 Bo Horvat Tim Schaller Linden Vey 60 1 2 2
2 Colton Sissons JT Compher Justin Bailey 40 1 2 2
PowerPlay Defense
Defense Defense Time % Phy DF OF
1 Shane Sims Tim Erixon 60 1 2 2
2 Haydn Fleury Neal Pionk 40 1 2 2
Penalty Kill 4 Players Forward
Center Wing Time % Phy DF OF
1 Bo Horvat Tim Schaller 60 1 2 2
2 Linden Vey JT Compher 40 1 2 2
Penalty Kill 4 Players Defense
Defense Defense Time % Phy DF OF
1 Shane Sims Tim Erixon 60 1 2 2
2 Haydn Fleury Neal Pionk 40 1 2 2
Penalty Kill - 3 Players Forward
Forward Time % Phy DF OF
1 Bo Horvat 60 1 2 2
2 Tim Schaller 40 1 2 2
Penalty Kill - 3 Players Defense
Defense Defense Time % Phy DF OF
1 Shane Sims Tim Erixon 60 1 2 2
2 Haydn Fleury Neal Pionk 40 1 2 2
4 vs 4 Forward
Center Wing Time % Phy DF OF
1 Bo Horvat Tim Schaller 60 1 2 2
2 Linden Vey JT Compher 40 1 2 2
4 vs 4 Defense
Defense Defense Time % Phy DF OF
1 Shane Sims Tim Erixon 60 1 2 2
2 Haydn Fleury Neal Pionk 40 1 2 2
Last Minutes Offensive
Center Left Wing Right Wing Defense Defense
Bo Horvat Tim Schaller Linden Vey Shane Sims Tim Erixon
Last Minutes Defensive
Center Left Wing Right Wing Defense Defense
Bo Horvat Tim Schaller Linden Vey Shane Sims Tim Erixon
Goaltenders
Starting : Malcolm Subban
Backup : Al Montoya
Extra Forwards
Normal : Johan Larsson, Mitchell Moroz, Aleksi Saarela - PP : Johan Larsson, Mitchell Moroz - PK : Aleksi Saarela
Extra Defensemen
Normal : Brett Pesce, Jeff Corbett, Dennis Gilbert - PP : Brett Pesce - PK : Jeff Corbett, Dennis Gilbert
Penalty Shots
Bo Horvat, Tim Schaller, Linden Vey, JT Compher, Ryan Dzingel
Scratches
Zack MacEwen (Healthy), Radovan Bondra (Healthy), Simon Bourque (Healthy), Dmitry Sinitsyn (Sprained Left Knee Injury), Conner Bleackley (Healthy)
Jaden Lindo (Healthy), Charlie Lindgren (Healthy), Jamie Phillips (Healthy)
% Time on Ice - Diablos
Lines # - Real PCT - Wanted PCT - Time Play
Normal Forward
1 - 31% - 35% - 15:28
2 - 31% - 35% - 15:10
3 - 23% - 25% - 11:11
4 - 16% - 5% - 7:51
Normal Defense
1 - 41% - 40% - 20:15
2 - 31% - 30% - 15:20
3 - 23% - 20% - 11:29
4 - 5% - 10% - 2:36
PP Forward
1 - 59% - 60% - 4:51
2 - 41% - 40% - 3:26
PP Defense
1 - 62% - 60% - 5:08
2 - 38% - 40% - 3:09
PK Forward
1 - 87% - 60% - 1:44
2 - 13% - 40% - 0:15
PK Defense
1 - 55% - 60% - 1:06
2 - 45% - 40% - 0:53
PK3 Forward
1 - 0% - 60%
2 - 0% - 40%
PK3 Defense
1 - 0% - 60%
2 - 0% - 40%
44 Forward
1 - 0% - 60%
2 - 0% - 40%
44 Defense
1 - 0% - 60%
2 - 0% - 40%
Last Minute Offensive - 0:04
Last Minute Defensive - 0:00
Total
Forward - 60:00
Defense - 60:00
|
% Time on Ice - Influenza
Lines # - Real PCT - Wanted PCT - Time Play
Normal Forward
1 - 35% - 40% - 17:16
2 - 29% - 30% - 14:38
3 - 23% - 20% - 11:37
4 - 12% - 10% - 6:08
Normal Defense
1 - 42% - 40% - 20:37
2 - 30% - 30% - 14:43
3 - 21% - 20% - 10:21
4 - 8% - 10% - 3:58
PP Forward
1 - 68% - 60% - 1:21
2 - 32% - 40% - 0:38
PP Defense
1 - 51% - 60% - 1:01
2 - 49% - 40% - 0:58
PK Forward
1 - 71% - 60% - 5:54
2 - 29% - 40% - 2:23
PK Defense
1 - 64% - 60% - 5:18
2 - 36% - 40% - 2:59
PK3 Forward
1 - 0% - 60%
2 - 0% - 40%
PK3 Defense
1 - 0% - 60%
2 - 0% - 40%
44 Forward
1 - 0% - 60%
2 - 0% - 40%
44 Defense
1 - 0% - 60%
2 - 0% - 40%
Last Minute Offensive - 0:00
Last Minute Defensive - 0:05
Total
Forward - 60:00
Defense - 60:00
|
Play-by-Play
1st period
0:01 of 1st period - Bo Horvat wins face-off versus Jonathan Matsumoto in neutral zone.
0:04 of 1st period - Alex Petrovic is hit by Tim Erixon and loses puck.
0:43 of 1st period - Icing by Andrei Mironov.
0:44 of 1st period - Corey Trivino wins face-off versus Shane Prince in Diablos zone.
1:37 of 1st period - Icing by Dean Kukan.
1:38 of 1st period - Corey Trivino wins face-off versus Bo Horvat in Diablos zone.
2:05 of 1st period - Wrist shot by Jakub Vrana.
2:05 of 1st period - Stopped by Malcolm Subban with a rebound.
2:57 of 1st period - Wrist shot by Sam Reinhart.
2:57 of 1st period - Stopped by Malcolm Subban with a rebound.
3:28 of 1st period - Slapshot by JT Compher.
3:28 of 1st period - Stopped by Jean-Francois Berube with a rebound.
3:43 of 1st period - Off-side.
3:44 of 1st period - Jonathan Matsumoto wins face-off versus Shane Prince in neutral zone.
4:05 of 1st period - Minor Penalty to Dennis Gilbert for Interference.
4:06 of 1st period - Corey Trivino wins face-off versus Bo Horvat in Influenza zone.
4:13 of 1st period - Snap shot by Corey Trivino.
4:13 of 1st period - Stopped by Malcolm Subban without a rebound.
4:14 of 1st period - Bo Horvat wins face-off versus Corey Trivino in Influenza zone.
4:14 of 1st period - Bo Horvat is hit by Danton Heinen.
4:28 of 1st period - Wrist shot by Danton Heinen.
4:28 of 1st period - Shot Misses the Net.
4:30 of 1st period - Wrist shot by Danton Heinen.
4:30 of 1st period - Stopped by Malcolm Subban without a rebound.
4:31 of 1st period - Jonathan Matsumoto wins face-off versus Bo Horvat in Influenza zone.
5:27 of 1st period - Backhand shot by Tim Schaller.
5:27 of 1st period - Shot Blocked by Andrei Mironov.
5:57 of 1st period - Adrian Kempe is hit by Haydn Fleury and loses puck.
6:05 of 1st period - Penalty to Dennis Gilbert is over, Dennis Gilbert is back on ice.
6:48 of 1st period - Wrist shot by JT Compher.
6:48 of 1st period - Shot Blocked by Tyler Pitlick.
8:02 of 1st period - Snap shot by Mattias Tedenby.
8:02 of 1st period - Goal by Mattias Tedenby - Diablos : 1 - Influenza : 0.
8:03 of 1st period - Bo Horvat wins face-off versus Jonathan Matsumoto in neutral zone.
8:08 of 1st period - Snap shot by Tim Schaller.
8:08 of 1st period - Shot Misses the Net.
8:10 of 1st period - Snap shot by Tim Schaller.
8:10 of 1st period - Stopped by Jean-Francois Berube with a rebound.
8:12 of 1st period - Slapshot by Haydn Fleury.
8:12 of 1st period - Deflect By Brian Dumoulin.
8:12 of 1st period - Stopped by Jean-Francois Berube with a rebound.
8:24 of 1st period - Tim Schaller is hit by Danton Heinen.
9:16 of 1st period - Snap shot by Dominic Turgeon.
9:16 of 1st period - Stopped by Malcolm Subban with a rebound.
9:56 of 1st period - Wrist shot by Jonathan Matsumoto.
9:56 of 1st period - Goal by Jonathan Matsumoto - Diablos : 2 - Influenza : 0.
9:57 of 1st period - Jonathan Matsumoto wins face-off versus Bo Horvat in neutral zone.
10:01 of 1st period - Minor Penalty to Shane Sims for Interference.
10:02 of 1st period - Danton Heinen wins face-off versus Bo Horvat in Influenza zone.
10:06 of 1st period - Snap shot by Danton Heinen.
10:06 of 1st period - Goal by Danton Heinen - Diablos : 3 - Influenza : 0.
10:07 of 1st period - Linden Vey wins face-off versus Jonathan Matsumoto in neutral zone.
10:41 of 1st period - Snap shot by Ryan Dzingel.
10:41 of 1st period - Shot Misses the Net.
10:55 of 1st period - Snap shot by Sam Reinhart.
10:55 of 1st period - Stopped by Malcolm Subban with a rebound.
11:03 of 1st period - Snap shot by JT Compher.
11:03 of 1st period - Shot Misses the Net.
12:22 of 1st period - Slapshot by Sam Reinhart.
12:22 of 1st period - Deflect By Jiri Sekac.
12:22 of 1st period - Stopped by Malcolm Subban with a rebound.
12:24 of 1st period - Snap shot by Anthony Nigro.
12:24 of 1st period - Shot Misses the Net.
12:28 of 1st period - Wrist shot by Sam Reinhart.
12:28 of 1st period - Shot Blocked by Colton Sissons.
13:20 of 1st period - Snap shot by Jonathan Matsumoto.
13:20 of 1st period - Shot Misses the Net.
13:22 of 1st period - Snap shot by Danton Heinen.
13:22 of 1st period - Shot Blocked by JT Compher.
13:24 of 1st period - Snap shot by Andrei Mironov.
13:24 of 1st period - Shot Blocked by Shane Sims.
13:26 of 1st period - Wrist shot by Adrian Kempe.
13:26 of 1st period - Shot Misses the Net.
13:28 of 1st period - Slapshot by Jonathan Matsumoto.
13:28 of 1st period - Stopped by Malcolm Subban with a rebound.
14:23 of 1st period - Minor Penalty to Brett Pesce for Hooking.
14:24 of 1st period - Corey Trivino wins face-off versus Bo Horvat in Influenza zone.
14:31 of 1st period - Slapshot by Danton Heinen.
14:31 of 1st period - Stopped by Malcolm Subban with a rebound.
14:33 of 1st period - Snap shot by Corey Trivino.
14:33 of 1st period - Goal by Corey Trivino - Diablos : 4 - Influenza : 0.
14:33 of 1st period - Al Montoya enters game.
14:34 of 1st period - Bo Horvat wins face-off versus Jonathan Matsumoto in neutral zone.
15:00 of 1st period - Alex Petrovic is hit by Shane Sims and loses puck.
15:19 of 1st period - Slapshot by Sam Reinhart.
15:19 of 1st period - Stopped by Al Montoya without a rebound.
15:20 of 1st period - Anthony Nigro wins face-off versus Shane Prince in Influenza zone.
15:52 of 1st period - Wrist shot by Adrian Kempe.
15:52 of 1st period - Deflect By Jonathan Matsumoto.
15:52 of 1st period - Shot Misses the Net.
15:52 of 1st period - Puck is out of play.
15:53 of 1st period - Bo Horvat wins face-off versus Corey Trivino in Influenza zone.
16:04 of 1st period - Wrist shot by Bo Horvat.
16:04 of 1st period - Shot Blocked by Viktor Loov.
16:29 of 1st period - Snap shot by JT Compher.
16:29 of 1st period - Stopped by Jean-Francois Berube without a rebound.
16:30 of 1st period - Corey Trivino wins face-off versus Bo Horvat in Diablos zone.
16:30 of 1st period - Corey Trivino is hit by Brycen Martin.
16:42 of 1st period - Dennis Gilbert is hit by Mattias Tedenby and loses puck.
17:20 of 1st period - Wrist shot by Lucas Lessio.
17:20 of 1st period - Goal by Lucas Lessio - Diablos : 4 - Influenza : 1.
17:21 of 1st period - Bo Horvat wins face-off versus Corey Trivino in neutral zone.
17:24 of 1st period - Corey Trivino is hit by Tim Schaller and loses puck.
17:35 of 1st period - Wrist shot by Mattias Tedenby.
17:35 of 1st period - Shot Blocked by Shane Sims.
17:37 of 1st period - Snap shot by Corey Trivino.
17:37 of 1st period - Shot Misses the Net.
17:47 of 1st period - Brian Dumoulin is hit by Colton Sissons and loses puck.
18:06 of 1st period - Wrist shot by Justin Bailey.
18:06 of 1st period - Stopped by Jean-Francois Berube without a rebound.
18:07 of 1st period - Anthony Nigro wins face-off versus Shane Prince in Diablos zone.
18:16 of 1st period - Backhand shot by Neal Pionk.
18:16 of 1st period - Stopped by Jean-Francois Berube with a rebound.
18:32 of 1st period - Linden Vey is hit by Tyler Pitlick and loses puck.
18:37 of 1st period - Wrist shot by Mattias Tedenby.
18:37 of 1st period - Shot Misses the Net.
18:39 of 1st period - Wrist shot by Corey Trivino.
18:39 of 1st period - Stopped by Al Montoya without a rebound.
18:40 of 1st period - Jonathan Matsumoto wins face-off versus Bo Horvat in Influenza zone.
18:49 of 1st period - Wrist shot by Jonathan Matsumoto.
18:49 of 1st period - Shot Blocked by Tim Schaller.
18:54 of 1st period - Off-side.
18:55 of 1st period - Corey Trivino wins face-off versus Colton Sissons in neutral zone.
18:58 of 1st period - Snap shot by Corey Trivino.
18:58 of 1st period - Deflect By Shane Sims.
18:58 of 1st period - Stopped by Al Montoya with a rebound.
19:00 of 1st period - Slapshot by Alex Petrovic.
19:00 of 1st period - Shot Misses the Net.
19:02 of 1st period - Wrist shot by Corey Trivino.
19:02 of 1st period - Stopped by Al Montoya without a rebound.
19:03 of 1st period - Colton Sissons wins face-off versus Corey Trivino in Influenza zone.
19:03 of 1st period - Colton Sissons is hit by Tyler Pitlick.
19:11 of 1st period - Snap shot by Mattias Tedenby.
19:11 of 1st period - Stopped by Al Montoya with a rebound.
19:13 of 1st period - Snap shot by Brian Dumoulin.
19:13 of 1st period - Shot Blocked by JT Compher.
19:15 of 1st period - Snap shot by Tyler Pitlick.
19:15 of 1st period - Stopped by Al Montoya with a rebound.
19:36 of 1st period - Snap shot by Mattias Tedenby.
19:36 of 1st period - Shot Misses the Net.
19:42 of 1st period - Backhand shot by Mattias Tedenby.
19:42 of 1st period - Stopped by Al Montoya with a rebound.
19:44 of 1st period - Wrist shot by Tyler Pitlick.
19:44 of 1st period - Deflect By Mattias Tedenby.
19:44 of 1st period - Shot Misses the Net.
19:44 of 1st period - Puck is out of play.
19:45 of 1st period - Jonathan Matsumoto wins face-off versus Bo Horvat in Influenza zone.
Goals for this period are 4 for Diablos vs 1 for Influenza.
Shots for this period are 20 for Diablos vs 7 for Influenza.
2nd period
0:01 of 2nd period - Bo Horvat wins face-off versus Jonathan Matsumoto in neutral zone.
0:32 of 2nd period - Snap shot by Sam Reinhart.
0:32 of 2nd period - Shot Blocked by JT Compher.
0:34 of 2nd period - Slapshot by Alex Petrovic.
0:34 of 2nd period - Deflect By Sam Reinhart.
0:34 of 2nd period - Shot Blocked by JT Compher.
0:34 of 2nd period - Puck is out of play.
0:35 of 2nd period - Colton Sissons wins face-off versus Corey Trivino in Influenza zone.
0:50 of 2nd period - Minor Penalty to Colton Sissons for Kneeing.
0:51 of 2nd period - Bo Horvat wins face-off versus Corey Trivino in Influenza zone.
1:21 of 2nd period - Wrist shot by Jonathan Matsumoto.
1:21 of 2nd period - Shot Misses the Net.
2:21 of 2nd period - Alex Petrovic is hit by JT Compher and loses puck.
2:50 of 2nd period - Penalty to Colton Sissons is over, Colton Sissons is back on ice.
3:17 of 2nd period - Snap shot by Ryan Dzingel.
3:17 of 2nd period - Deflect By Aleksi Saarela.
3:17 of 2nd period - Shot Misses the Net.
3:17 of 2nd period - Puck is out of play.
3:18 of 2nd period - Anthony Nigro wins face-off versus Pavel Zacha in Diablos zone.
3:25 of 2nd period - Snap shot by Jiri Sekac.
3:25 of 2nd period - Shot Blocked by Lucas Lessio.
3:27 of 2nd period - Snap shot by Anthony Nigro.
3:27 of 2nd period - Stopped by Al Montoya with a rebound.
3:29 of 2nd period - Slapshot by Brian Dumoulin.
3:29 of 2nd period - Shot Misses the Net.
3:31 of 2nd period - Slapshot by Alex Petrovic.
3:31 of 2nd period - Shot Blocked by Brycen Martin.
3:45 of 2nd period - Tim Schaller is hit by Tyler Pitlick and loses puck.
4:00 of 2nd period - Snap shot by JT Compher.
4:00 of 2nd period - Deflect By Colton Sissons.
4:00 of 2nd period - Goal by Colton Sissons - Diablos : 4 - Influenza : 2.
4:01 of 2nd period - Adrian Kempe wins face-off versus Bo Horvat in neutral zone.
4:12 of 2nd period - Slapshot by Tim Erixon.
4:12 of 2nd period - Stopped by Jean-Francois Berube with a rebound.
4:14 of 2nd period - Snap shot by Linden Vey.
4:14 of 2nd period - Shot Blocked by Alex Petrovic.
4:16 of 2nd period - Snap shot by Bo Horvat.
4:16 of 2nd period - Shot Misses the Net.
5:52 of 2nd period - Wrist shot by JT Compher.
5:52 of 2nd period - Shot Misses the Net.
5:54 of 2nd period - Snap shot by Haydn Fleury.
5:54 of 2nd period - Deflect By JT Compher.
5:54 of 2nd period - Shot Misses the Net.
5:54 of 2nd period - Puck is out of play.
5:55 of 2nd period - Linden Vey wins face-off versus Jonathan Matsumoto in Diablos zone.
5:56 of 2nd period - Wrist shot by Tim Schaller.
5:56 of 2nd period - Shot Blocked by Jonathan Matsumoto.
5:58 of 2nd period - Wrist shot by Tim Schaller.
5:58 of 2nd period - Shot Misses the Net.
6:00 of 2nd period - Slapshot by Tim Erixon.
6:00 of 2nd period - Shot Blocked by Danton Heinen.
6:26 of 2nd period - Off-side.
6:27 of 2nd period - Colton Sissons wins face-off versus Corey Trivino in neutral zone.
7:31 of 2nd period - Minor Penalty to Tim Erixon for Goalie Interference.
7:32 of 2nd period - Bo Horvat wins face-off versus Corey Trivino in Influenza zone.
8:05 of 2nd period - JT Compher is hit by Sam Reinhart and loses puck.
8:26 of 2nd period - Neal Pionk is hit by Danton Heinen and loses puck.
9:31 of 2nd period - Penalty to Tim Erixon is over, Tim Erixon is back on ice.
9:41 of 2nd period - Snap shot by Tim Erixon.
9:41 of 2nd period - Shot Misses the Net.
9:47 of 2nd period - Dennis Gilbert is hit by Jonathan Matsumoto and loses puck.
10:02 of 2nd period - Snap shot by Tim Erixon.
10:02 of 2nd period - Shot Misses the Net.
10:04 of 2nd period - Wrist shot by Tim Erixon.
10:04 of 2nd period - Stopped by Jean-Francois Berube with a rebound.
10:06 of 2nd period - Wrist shot by Tim Erixon.
10:06 of 2nd period - Deflect By Aleksi Saarela.
10:06 of 2nd period - Stopped by Jean-Francois Berube with a rebound.
10:08 of 2nd period - Wrist shot by Ryan Dzingel.
10:08 of 2nd period - Stopped by Jean-Francois Berube with a rebound.
10:10 of 2nd period - Backhand shot by Dennis Gilbert.
10:10 of 2nd period - Shot Misses the Net.
10:12 of 2nd period - Snap shot by Ryan Dzingel.
10:12 of 2nd period - Stopped by Jean-Francois Berube with a rebound.
10:14 of 2nd period - Snap shot by Ryan Dzingel.
10:14 of 2nd period - Deflect By Jonathan Matsumoto.
10:14 of 2nd period - Stopped by Jean-Francois Berube with a rebound.
10:16 of 2nd period - Snap shot by Tim Erixon.
10:16 of 2nd period - Goal by Tim Erixon - Diablos : 4 - Influenza : 3.
10:17 of 2nd period - Bo Horvat wins face-off versus Daniel Sprong in neutral zone.
10:44 of 2nd period - Danton Heinen is hit by Justin Bailey and loses puck.
10:51 of 2nd period - Wrist shot by JT Compher.
10:51 of 2nd period - Deflect By Mattias Tedenby.
10:51 of 2nd period - Stopped by Jean-Francois Berube with a rebound.
10:53 of 2nd period - Slapshot by Shane Sims.
10:53 of 2nd period - Stopped by Jean-Francois Berube without a rebound.
10:54 of 2nd period - Bo Horvat wins face-off versus Dominic Turgeon in Diablos zone.
10:59 of 2nd period - Wrist shot by Linden Vey.
10:59 of 2nd period - Shot Misses the Net.
11:04 of 2nd period - Viktor Loov is hit by Shane Sims and loses puck.
11:33 of 2nd period - Wrist shot by Ryan Dzingel.
11:33 of 2nd period - Stopped by Jean-Francois Berube with a rebound.
11:51 of 2nd period - Snap shot by Colton Sissons.
11:51 of 2nd period - Deflect By Justin Bailey.
11:51 of 2nd period - Shot Misses the Net.
11:51 of 2nd period - Puck is out of play.
11:52 of 2nd period - Justin Bailey wins face-off versus Dominic Turgeon in Diablos zone.
11:57 of 2nd period - Snap shot by Colton Sissons.
11:57 of 2nd period - Stopped by Jean-Francois Berube with a rebound.
12:07 of 2nd period - Slapshot by Brian Dumoulin.
12:07 of 2nd period - Stopped by Al Montoya with a rebound.
12:37 of 2nd period - Icing by Haydn Fleury.
12:38 of 2nd period - Corey Trivino wins face-off versus Shane Prince in Influenza zone.
13:10 of 2nd period - Icing by Neal Pionk.
13:11 of 2nd period - Danton Heinen wins face-off versus Shane Prince in Influenza zone.
13:18 of 2nd period - Backhand shot by Adrian Kempe.
13:18 of 2nd period - Shot Misses the Net.
13:30 of 2nd period - Slapshot by Ryan Dzingel.
13:30 of 2nd period - Goal by Ryan Dzingel - Diablos : 4 - Influenza : 4.
13:31 of 2nd period - Linden Vey wins face-off versus Jonathan Matsumoto in neutral zone.
13:36 of 2nd period - Snap shot by Bo Horvat.
13:36 of 2nd period - Shot Blocked by Brian Dumoulin.
13:38 of 2nd period - Wrist shot by Brett Pesce.
13:38 of 2nd period - Shot Blocked by Danton Heinen.
13:40 of 2nd period - Snap shot by Tim Schaller.
13:40 of 2nd period - Goal by Tim Schaller - Diablos : 4 - Influenza : 5.
13:41 of 2nd period - Jonathan Matsumoto wins face-off versus Bo Horvat in neutral zone.
14:06 of 2nd period - Justin Bailey is hit by Tyler Pitlick and loses puck.
14:36 of 2nd period - Icing by Ryan Dzingel.
14:37 of 2nd period - Shane Prince wins face-off versus Jonathan Matsumoto in Influenza zone.
15:00 of 2nd period - Snap shot by Ryan Dzingel.
15:00 of 2nd period - Stopped by Jean-Francois Berube without a rebound.
15:01 of 2nd period - Corey Trivino wins face-off versus Bo Horvat in Diablos zone.
15:06 of 2nd period - Slapshot by Alex Petrovic.
15:06 of 2nd period - Shot Blocked by Jeff Corbett.
15:35 of 2nd period - Icing by Brett Pesce.
15:36 of 2nd period - Anthony Nigro wins face-off versus Colton Sissons in Influenza zone.
15:45 of 2nd period - Snap shot by Justin Bailey.
15:45 of 2nd period - Shot Blocked by Jiri Sekac.
15:47 of 2nd period - Wrist shot by JT Compher.
15:47 of 2nd period - Stopped by Jean-Francois Berube with a rebound.
15:49 of 2nd period - Snap shot by Colton Sissons.
15:49 of 2nd period - Stopped by Jean-Francois Berube without a rebound.
15:50 of 2nd period - Jonathan Matsumoto wins face-off versus Bo Horvat in Diablos zone.
16:52 of 2nd period - Slapshot by Lucas Lessio.
16:52 of 2nd period - Stopped by Jean-Francois Berube with a rebound.
17:02 of 2nd period - Dominic Turgeon is hit by Ryan Dzingel and loses puck.
17:09 of 2nd period - Snap shot by Ryan Dzingel.
17:09 of 2nd period - Deflect By Shane Prince.
17:09 of 2nd period - Goal by Shane Prince - Diablos : 4 - Influenza : 6.
17:09 of 2nd period - Joni Ortio enters game.
17:10 of 2nd period - Jonathan Matsumoto wins face-off versus Linden Vey in neutral zone.
17:15 of 2nd period - Viktor Loov is hit by Tim Schaller and loses puck.
17:21 of 2nd period - Minor Penalty to Tim Schaller for High sticking.
17:22 of 2nd period - Corey Trivino wins face-off versus Bo Horvat in Influenza zone.
17:27 of 2nd period - Wrist shot by Adrian Kempe.
17:27 of 2nd period - Goal by Adrian Kempe - Diablos : 5 - Influenza : 6.
17:28 of 2nd period - Bo Horvat wins face-off versus Jonathan Matsumoto in neutral zone.
17:42 of 2nd period - Linden Vey is hit by Danton Heinen and loses puck.
18:11 of 2nd period - Justin Bailey is hit by Mattias Tedenby.
18:21 of 2nd period - Justin Bailey is hit by Daniel Sprong and loses puck.
18:34 of 2nd period - Colton Sissons is hit by Viktor Loov and loses puck.
19:15 of 2nd period - Snap shot by Lucas Lessio.
19:15 of 2nd period - Stopped by Joni Ortio without a rebound.
19:16 of 2nd period - Bo Horvat wins face-off versus Corey Trivino in Diablos zone.
19:17 of 2nd period - Slapshot by Tim Schaller.
19:17 of 2nd period - Stopped by Joni Ortio without a rebound.
19:18 of 2nd period - Bo Horvat wins face-off versus Corey Trivino in Diablos zone.
19:53 of 2nd period - Wrist shot by Corey Trivino.
19:53 of 2nd period - Stopped by Al Montoya without a rebound.
19:54 of 2nd period - Bo Horvat wins face-off versus Jonathan Matsumoto in Influenza zone.
Goals for this period are 1 for Diablos vs 5 for Influenza.
Shots for this period are 4 for Diablos vs 21 for Influenza.
3rd period
0:01 of 3rd period - Jonathan Matsumoto wins face-off versus Bo Horvat in neutral zone.
0:27 of 3rd period - Brian Dumoulin is hit by Tim Erixon and loses puck.
0:32 of 3rd period - Snap shot by Colton Sissons.
0:32 of 3rd period - Shot Blocked by Sam Reinhart.
0:52 of 3rd period - Tom Kuhnhackl is hit by Viktor Loov.
0:59 of 3rd period - Shane Prince is hit by Tyler Pitlick and loses puck.
1:13 of 3rd period - Off-side.
1:14 of 3rd period - Dominic Turgeon wins face-off versus Pavel Zacha in neutral zone.
1:30 of 3rd period - Slapshot by Jakub Vrana.
1:30 of 3rd period - Shot Blocked by Neal Pionk.
1:32 of 3rd period - Snap shot by Jakub Vrana.
1:32 of 3rd period - Shot Blocked by Neal Pionk.
1:38 of 3rd period - Slapshot by Daniel Sprong.
1:38 of 3rd period - Shot Blocked by Neal Pionk.
1:40 of 3rd period - Minor Penalty to Pavel Zacha for Holding.
1:41 of 3rd period - Bo Horvat wins face-off versus Corey Trivino in Influenza zone.
2:08 of 3rd period - Neal Pionk is hit by Tyler Pitlick and loses puck.
3:40 of 3rd period - Penalty to Pavel Zacha is over, Pavel Zacha is back on ice.
4:06 of 3rd period - Snap shot by Bo Horvat.
4:06 of 3rd period - Stopped by Joni Ortio without a rebound.
4:07 of 3rd period - Anthony Nigro wins face-off versus JT Compher in Diablos zone.
4:16 of 3rd period - Wrist shot by Colton Sissons.
4:16 of 3rd period - Stopped by Joni Ortio with a rebound.
4:18 of 3rd period - Slapshot by Brett Pesce.
4:18 of 3rd period - Stopped by Joni Ortio with a rebound.
4:20 of 3rd period - Backhand shot by Brett Pesce.
4:20 of 3rd period - Deflect By Colton Sissons.
4:20 of 3rd period - Stopped by Joni Ortio without a rebound.
4:21 of 3rd period - Jonathan Matsumoto wins face-off versus Colton Sissons in Diablos zone.
4:26 of 3rd period - JT Compher is hit by Adrian Kempe.
4:52 of 3rd period - Snap shot by Mattias Tedenby.
4:52 of 3rd period - Shot Blocked by Dennis Gilbert.
4:54 of 3rd period - Slapshot by Brian Dumoulin.
4:54 of 3rd period - Stopped by Al Montoya without a rebound.
4:55 of 3rd period - Anthony Nigro wins face-off versus Bo Horvat in Influenza zone.
5:02 of 3rd period - Viktor Loov is hit by Bo Horvat and loses puck.
5:42 of 3rd period - Wrist shot by Jonathan Matsumoto.
5:42 of 3rd period - Stopped by Al Montoya without a rebound.
5:43 of 3rd period - Shane Prince wins face-off versus Corey Trivino in Influenza zone.
5:50 of 3rd period - Wrist shot by Mattias Tedenby.
5:50 of 3rd period - Shot Misses the Net.
6:42 of 3rd period - Snap shot by Sam Reinhart.
6:42 of 3rd period - Stopped by Al Montoya without a rebound.
6:43 of 3rd period - Corey Trivino wins face-off versus Bo Horvat in Influenza zone.
6:48 of 3rd period - Backhand shot by Tyler Pitlick.
6:48 of 3rd period - Shot Misses the Net.
7:42 of 3rd period - Off-side.
7:43 of 3rd period - Dominic Turgeon wins face-off versus Bo Horvat in neutral zone.
7:52 of 3rd period - Snap shot by Jakub Vrana.
7:52 of 3rd period - Shot Blocked by Linden Vey.
8:14 of 3rd period - Wrist shot by Corey Trivino.
8:14 of 3rd period - Shot Misses the Net.
9:00 of 3rd period - Snap shot by Jiri Sekac.
9:00 of 3rd period - Goal by Jiri Sekac - Diablos : 6 - Influenza : 6.
9:01 of 3rd period - Corey Trivino wins face-off versus Bo Horvat in neutral zone.
9:55 of 3rd period - Off-side.
9:56 of 3rd period - Shane Prince wins face-off versus Dominic Turgeon in neutral zone.
10:15 of 3rd period - Wrist shot by Neal Pionk.
10:15 of 3rd period - Stopped by Joni Ortio without a rebound.
10:16 of 3rd period - Jonathan Matsumoto wins face-off versus Bo Horvat in Diablos zone.
10:29 of 3rd period - Slapshot by Linden Vey.
10:29 of 3rd period - Shot Blocked by Jonathan Matsumoto.
10:41 of 3rd period - Shane Sims is hit by Corey Trivino and loses puck.
10:52 of 3rd period - Snap shot by Tyler Pitlick.
10:52 of 3rd period - Stopped by Al Montoya without a rebound.
10:53 of 3rd period - Jonathan Matsumoto wins face-off versus Bo Horvat in Influenza zone.
11:02 of 3rd period - Snap shot by Danton Heinen.
11:02 of 3rd period - Stopped by Al Montoya with a rebound.
11:48 of 3rd period - Snap shot by Sam Reinhart.
11:48 of 3rd period - Shot Blocked by Tim Erixon.
11:50 of 3rd period - Slapshot by Brian Dumoulin.
11:50 of 3rd period - Shot Misses the Net.
12:02 of 3rd period - Shane Sims is hit by Alex Petrovic and loses puck.
12:27 of 3rd period - Tim Erixon is hit by Jonathan Matsumoto and loses puck.
13:28 of 3rd period - Slapshot by Brian Dumoulin.
13:28 of 3rd period - Shot Misses the Net.
14:13 of 3rd period - JT Compher is hit by Mattias Tedenby and loses puck.
14:50 of 3rd period - Icing by Andrey Pedan.
14:51 of 3rd period - Jonathan Matsumoto wins face-off versus Shane Prince in Diablos zone.
16:16 of 3rd period - Snap shot by Shane Prince.
16:16 of 3rd period - Stopped by Joni Ortio with a rebound.
16:18 of 3rd period - Slapshot by Tim Erixon.
16:18 of 3rd period - Shot Blocked by Alex Petrovic.
16:34 of 3rd period - Linden Vey is hit by Brian Dumoulin and loses puck.
17:17 of 3rd period - Snap shot by Lucas Lessio.
17:17 of 3rd period - Shot Misses the Net.
17:19 of 3rd period - Snap shot by Bo Horvat.
17:19 of 3rd period - Shot Misses the Net.
17:21 of 3rd period - Wrist shot by Bo Horvat.
17:21 of 3rd period - Goal by Bo Horvat - Diablos : 6 - Influenza : 7.
17:22 of 3rd period - Jiri Sekac wins face-off versus Tom Kuhnhackl in neutral zone.
17:28 of 3rd period - Icing by Shane Prince.
17:29 of 3rd period - Anthony Nigro wins face-off versus Shane Prince in Influenza zone.
17:40 of 3rd period - Tom Kuhnhackl is hit by Sam Reinhart and loses puck.
17:51 of 3rd period - Minor Penalty to Jiri Sekac for Interference.
17:52 of 3rd period - Anthony Nigro wins face-off versus Bo Horvat in Diablos zone.
18:49 of 3rd period - Brian Dumoulin is hit by Neal Pionk and loses puck.
19:02 of 3rd period - Anthony Nigro is hit by Linden Vey and loses puck.
19:17 of 3rd period - Slapshot by Linden Vey.
19:17 of 3rd period - Deflect By Bo Horvat.
19:17 of 3rd period - Shot Misses the Net.
19:17 of 3rd period - Puck is out of play.
19:18 of 3rd period - Gerard Gallant call a timeout for Diablos .
19:18 of 3rd period - Colton Sissons wins face-off versus Anthony Nigro in Diablos zone.
19:19 of 3rd period - Snap shot by Justin Bailey.
19:19 of 3rd period - Deflect By Colton Sissons.
19:19 of 3rd period - Shot Blocked by Andrey Pedan.
19:19 of 3rd period - Puck is out of play.
19:20 of 3rd period - Anthony Nigro wins face-off versus Colton Sissons in Diablos zone.
19:51 of 3rd period - Penalty to Jiri Sekac is over, Jiri Sekac is back on ice.
Goals for this period are 1 for Diablos vs 1 for Influenza.
Shots for this period are 6 for Diablos vs 7 for Influenza.
Output by the SimonT Hockey Simulator (STHS) for Francois Prevost